[Event "Early-Titled-Tuesday-Blitz-October-03-2023"]
[Site "Chess.com"]
[Date "2023.10.03"]
[Round "10"]
[White "MMAHDI2013"]
[Black "CristianS27"]
[Result "1-0"]
[WhiteElo "2434"]
[BlackElo "2493"]
[TimeControl "180+1"]
[EndTime "9:57:04 PDT"]
[Termination "MMAHDI2013 won by resignation"]

1. c4 Nf6 2. Nf3 g6 3. b3 Bg7 4.
Bb2 O-O 5. g3 d6 6. d4 Nc6 7.
Bg2 a6 8. O-O Rb8 9. d5 Na5 10.
Bc3 c5 11. Qe1 b6 12. e4 e6 13. e5 dxe5 14. Nxe5 Bb7 15. dxe6 fxe6 16. Bxb7 Rxb7 17. Nd2 Qe7 18. Ne4 Nxe4 19. Qxe4 Rc7 20. Rad1 Qg5 21. f4 Qf5 22. Qxf5 exf5 23. Bxa5 bxa5 24. Rd5 a4 25.
bxa4 Rb8 26. Rfd1 h5 27. Rd8+ Rxd8 28. Rxd8+ Kh7 29. Rd6 g5 30. Rxa6 gxf4 31. gxf4 Rb7 32. Ra8 Rb2 33. a5 Rxa2 34. a6 h4 35. a7 h3 36. Nc6 Bd4+ 37. Kf1 Rxh2 38. Rh8+ Bxh8 39. a8=Q Rg2 40. Qb7+ Rg7 41. Qb3 Rg6 42. Qxh3+ Kg8 43. Qf3 Kf7 44. Ne5+ Bxe5 45. fxe5 Ke6 46. Qd5+ Ke7 47.
Qxc5+ Ke6 48. Qd5+ Ke7 49. c5 f4 50. Kf2 Rh6 51. Kf3 Rd6 52. Qxd6+ 1-0

[Event "Early-Titled-Tuesday-Blitz-October-03-2023"]
[Site "Chess.com"]
[Date "2023.10.03"]
[Round "10"]
[White "shimastream"]
[Black "Anton_Demchenko"]
[Result "1-0"]
[WhiteElo "2980"]
[BlackElo "2923"]
[TimeControl "180+1"]
[EndTime "9:57:05 PDT"]
[Termination "shimastream won by resignation"]

1. b3 g6 2. Bb2 Nf6 3. Nf3 Bg7 4. d4 d6 5. g3 O-O 6. Bg2 b5 7. O-O Bb7 8. Nbd2 Nbd7 9. Re1 c5 10. e4 cxd4 11.
Nxd4 Qb6 12. a4 a6 13. axb5 axb5 14. Qe2 b4 15. Nc4 Qc7 16. Qd2 Nc5 17. Qxb4 Bxe4 18. Qb6 Qd7 19. Rxa8 Rxa8 20. Bxe4 Nfxe4 21. b4 Na4 22. Qc6 Qxc6 23. Nxc6 Nxb2 24. Rxe4 Nxc4 25. Rxc4 Bf6 26. b5 Ra1+ 27. Kg2 Rb1 28. Rb4 Rxb4 29. Nxb4 Bd4 30. Nc6 Bc5 31. Nxe7+ Kf8 32. Nd5 h5 33. f4 Ke8 34. h3 Kd7 35. Kf3 Ke6 36. c4 f6 37. g4 hxg4+ 38. Kxg4 Bd4 39. f5+ gxf5+ 40. Kf3 Ke5 41. h4 f4 42. h5 Kf5 43. Nxf4 Ba7 44. h6 Kg5 45. h7 1-0

[Event "Early-Titled-Tuesday-Blitz-October-03-2023"]
[Site "Chess.com"]
[Date "2023.10.03"]
[Round "10"]
[White "Good_Knight_Kiss"]
[Black "Lady_Nika"]
[Result "0-1"]
[WhiteElo "2414"]
[BlackElo "2530"]
[TimeControl "180+1"]
[EndTime "9:57:05 PDT"]
[Termination "Lady_Nika won on time"]

1. e4 e6 2. d4 d5 3. Nc3 Nf6 4. Bg5 Be7 5. e5 Nfd7 6. Bxe7 Qxe7 7. f4 a6 8. Nf3 c5 9. Qd2 Nc6 10. dxc5 Nxc5 11. Bd3 b5 12. O-O g6 13. Qe3 Bb7 14. Ne2 Nb4 15. Ned4 Rc8 16. Rf2 Ne4 17. Bxe4 dxe4 18.
Ng5 Nd5 19. Qxe4 Rc4 20. Qd3 Nxf4 21. Rxf4 Qxg5 22. Qg3 Qxe5 23. c3 O-O 24. Re1 Qc5 25.
Kh1 b4 26. Nb3 Qc7 27. Rxc4 Qxc4 28. Na5 Qb5 29. Nxb7 Qxb7 30. c4 Rc8 31. b3 Rd8 32. h4 Qe7 33. Re2 Rd4 34. Qb8+ Kg7 35. Qe5+ Qf6 36. g3 Rd1+ 37. Kg2 Qxe5 38. Rxe5 Rd2+ 39. Kf3 Rxa2 40. Ke3 Ra3 41. Kd4 Rxb3 42. Ra5 Rxg3 43. c5 Rc3 0-1

[Event "Early-Titled-Tuesday-Blitz-October-03-2023"]
[Site "Chess.com"]
[Date "2023.10.03"]
[Round "10"]
[White "FoxOnTheRun97"]
[Black "grzechu96"]
[Result "0-1"]
[WhiteElo "2534"]
[BlackElo "2678"]
[TimeControl "180+1"]
[EndTime "9:57:07 PDT"]
[Termination "grzechu96 won by resignation"]

1. d4 d5 2. c4 e6 3. Nf3 c6 4. e3 Nf6 5. Nc3 Nbd7 6. Bd2 Bd6 7. Qb3 O-O 8. Be2 dxc4 9. Bxc4 b5 10. Bd3 a6 11. O-O c5 12. Qc2 c4 13. Be4 Nxe4 14. Nxe4 Be7 15. a4 Bb7 16. axb5 axb5 17. Nc3 Qb6 18.
e4 h6 19. Be3 b4 20. Ne2 Qb5 21. Nd2 Rfc8 22. Ng3 Nf6 23. Rfc1 Rxa1 24. Rxa1 c3 25. bxc3 bxc3 26. Nf3 Qb2 27. Qd1 Nxe4 28. Ne1 Nxg3 29. hxg3 Be4 30. Rc1 Ba3 31. f3 Bg6 32. g4 c2 33. Qd2 Qxc1 34. Qxc1 Bxc1 35. Bxc1 Rb8 36. Bd2 Rb1 37. Kf2 c1=Q 38. Bxc1 Rxc1 39. g3 Rxe1 40. Kxe1 Kf8 41. Kf2 Ke7 42. Ke3 Kd6 43. f4 Kd5 44. f5 exf5 45. Kf4 fxg4 46. Kxg4 Kxd4 47. Kf4 Kd5 0-1

[Event "Early-Titled-Tuesday-Blitz-October-03-2023"]
[Site "Chess.com"]
[Date "2023.10.03"]
[Round "10"]
[White "Firouzja2003"]
[Black "bascheyaro"]
[Result "1-0"]
[WhiteElo "3129"]
[BlackElo "2838"]
[TimeControl "180+1"]
[EndTime "9:57:08 PDT"]
[Termination "Firouzja2003 won by checkmate"]

1. e4 e6 2. d4 d5 3. e5 c5 4. c3 Qb6 5. Nf3 Bd7 6. Be2 Bb5 7. dxc5 Bxc5 8. b4 Bxe2 9. Qxe2 Bf8 10. Na3 a6 11.
O-O Nc6 12. Rb1 Qc7 13. b5 Na5 14. bxa6 bxa6 15. Nd4 Bc5 16. Qg4 g6 17. Nf3 Qc6 18. Nc2 h5 19. Qh4 Nc4 20. Bg5 Ne7 21. Ncd4 Qd7 22.
Bf6 Rg8 23. Qf4 Nf5 24. h3 Bf8 25. g4 Bh6 26. Bg5 Nxd4 27. cxd4 Bxg5 28. Nxg5 hxg4 29. hxg4 Qe7 30. Rb3 Na5 31. Rh3 Rb8 32. Rh7 Rf8 33. Rg7 Nc6 34. Nh7 Rh8 35. Rc1 Nd8 36. Kg2 Rb2 37.
Nf6+ Kf8 38. Rh7 Rxh7 39. Nxh7+ Kg7 40. Nf6 Rb8 41. Rh1 Kf8 42. Qh6# 1-0

[Event "Early-Titled-Tuesday-Blitz-October-03-2023"]
[Site "Chess.com"]
[Date "2023.10.03"]
[Round "10"]
[White "the_chess_child"]
[Black "AlexPapasimakopoulos"]
[Result "1-0"]
[WhiteElo "2863"]
[BlackElo "2706"]
[TimeControl "180+1"]
[EndTime "9:57:08 PDT"]
[Termination "the_chess_child won by resignation"]

1. e4 e6 2. d3 d5 3. Nd2 c5 4. Ngf3 Nc6 5. g3 g6 6. Bg2 Bg7 7. O-O Nge7 8. Re1 h6 9. c3 a5 10. a4 b6 11. exd5 exd5 12. d4 cxd4 13. Nxd4 Nxd4 14.
cxd4 O-O 15. Nf3 Bg4 16. h3 Bxf3 17. Qxf3 Nf5 18. Qxd5 Qxd5 19. Bxd5 Rad8 20. Be4 Nxd4 21. Be3 Rfe8 22. Bh1 Nc2 23. Bxb6 Rxe1+ 24. Rxe1 Rb8 25. Bc7 Nxe1 26. Bxb8 Bxb2 27. Be4 f5 28. Bd5+ Kg7 29. Kf1 Nc2 30. Ke2 Nb4 31. Bb7 Bc3 32. Bc7 Na2 33. Kd3 Bb4 34. Bd5 Nc1+ 35. Kc2 Ne2 36. Kd3 Nc1+ 37.
Kc4 Kf6 38. Kb5 Ne2 39. Bxa5 Bxa5 40. Kxa5 Ke5 41. Bf7 g5 42. Kb6 f4 43. a5 Nxg3 44. a6 Nf5 45. a7 Nd6 46. a8=Q Nxf7 47. Kc5 h5 48. Qe8+ Kf6 49. Kd5 g4 50. hxg4 hxg4 51. Qe6+ Kg5 52. Qxf7 g3 53. fxg3 1-0

[Event "Early-Titled-Tuesday-Blitz-October-03-2023"]
[Site "Chess.com"]
[Date "2023.10.03"]
[Round "10"]
[White "Predator0608"]
[Black "carloseduar100"]
[Result "1-0"]
[WhiteElo "2497"]
[BlackElo "2343"]
[TimeControl "180+1"]
[EndTime "9:57:08 PDT"]
[Termination "Predator0608 won by resignation"]

1. e4 e6 2. d4 d5 3. Nd2 c5 4.
Ngf3 Nc6 5. Bb5 dxe4 6. Nxe4 cxd4 7.
Nxd4 Bd7 8. Nxc6 Bxc6 9. Qxd8+ Rxd8 10. Bxc6+ bxc6 11. Ke2 h6 12. Be3 a6 13. Rhd1 f5 14. Rxd8+ Kxd8 15. Rd1+ Kc8 16. Nd6+ Bxd6 17. Rxd6 Ne7 18.
Rxe6 Kd7 19. Re5 g6 20. Bc5 Nd5 21. g3 Rb8 22. b3 Rb5 23. Bd4 Nb4 24. Kd2 Nxa2 25.
Rxb5 axb5 26. c3 Ke6 27. Kc2 b4 28. c4 Nc3 29. Bxc3 bxc3 30. Kxc3 Ke5 31. Kb4 g5 32. Kc5 f4 33. Kxc6 Ke4 34. b4 Kf3 35. b5 Kxf2 36. b6 f3 37. b7 Kg2 38. b8=Q f2 39. Qb2 Kg1 40. Qd4 Kg2 41. Qe4+ Kxh2 42. Qe2 Kg1 43. Qe3 Kg2 44. Qe2 Kg1 45. Kd5 f1=Q 46. Qxf1+ Kxf1 47. Ke5 Kg2 48. g4 Kh3 49. c5 Kh4 50. c6 h5 51. c7 hxg4 52. c8=Q g3 53. Qc1 Kg4 54. Qg1 Kf3 55. Kf5 g4 56. Kg5 g2 57. Kh4 g3 58.
Kh3 Ke2 59. Qxg2+ Ke3 60. Qxg3+ Ke4 61. Kg4 1-0

[Event "Early-Titled-Tuesday-Blitz-October-03-2023"]
[Site "Chess.com"]
[Date "2023.10.03"]
[Round "10"]
[White "vladislavkovalev"]
[Black "Krakozia"]
[Result "1-0"]
[WhiteElo "2880"]
[BlackElo "3000"]
[TimeControl "180+1"]
[EndTime "9:57:09 PDT"]
[Termination "vladislavkovalev won on time"]

1. e4 c5 2. Nf3 e6 3. c3 Nf6 4. e5 Nd5 5. d4 cxd4 6. cxd4 d6 7. Bc4 Be7 8. O-O O-O 9. Qe2 Nc6 10.
Rd1 b6 11. Bxd5 exd5 12. Nc3 Be6 13. Qb5 Rc8 14. Nxd5 Bxd5 15. Qxd5 dxe5 16. dxe5 Qxd5 17. Rxd5 Nb4 18. Rd1 Rc2 19. a3 Nc6 20. b4 h6 21.
Be3 Rc8 22. Rac1 Nb8 23. Rxc2 Rxc2 24. Nd4 Rc4 25. Nb5 a6 26. Nd6 Bxd6 27. Rxd6 Nc6 28. f4 b5 29. Bc5 Na5 30. Rxa6 Rc1+ 31. Kf2 Nc4 32. a4 Rc2+ 33. Kf3 Rc3+ 34. Ke4 bxa4 35.
Rxa4 Nd2+ 36. Kd4 Rb3 37. Ra8+ Kh7 38. f5 Nf1 39. e6 fxe6 40. fxe6 Ne3 41. e7 Nf5+ 42.
Kc4 1-0

[Event "Early-Titled-Tuesday-Blitz-October-03-2023"]
[Site "Chess.com"]
[Date "2023.10.03"]
[Round "10"]
[White "Heydarli77"]
[Black "JohnWhite1952"]
[Result "1-0"]
[WhiteElo "2311"]
[BlackElo "2045"]
[TimeControl "180+1"]
[EndTime "9:57:09 PDT"]
[Termination "Heydarli77 won on time"]

1. e4 c5 2. c4 Nc6 3. Nc3 d6 4.
g3 Nf6 5. Bg2 e6 6. Nge2 Be7 7.
O-O O-O 8. d4 cxd4 9. Nxd4 a6 10. Nxc6 bxc6 11. e5 dxe5 12. Bxc6 Rb8 13. b3 Bb7 14.
Qf3 Qc7 15. Bxb7 Rxb7 16. Bg5 Rd8 17. Rad1 h6 18. Bxf6 Bxf6 19. Rxd8+ Bxd8 20. Rd1 Bf6 21. Qd3 Rb8 22. Qd7 Rc8 23. Qxc7 Rxc7 24. Kg2 Be7 25.
Kf3 f5 26. Ke3 Bc5+ 27. Ke2 e4 28. Rd8+ Kf7 29. Ra8 Rc6 30. Nd1 Kf6 31. Ne3 Rd6 32. Rc8 Bb4 33. Nf1 a5 34. c5 Rd5 35. c6 Rc5 36.
Ne3 g5 37. Nc4 Bc3 38. c7 Ke7 39. Nb6 Be5 40. Na8 Rc2+ 41. Kd1 Rc6 42. a3 Rc3 43. b4 axb4 44. axb4 Bd6 45. b5 Rc5 46. b6 Rb5 47. Rh8 1-0

[Event "Early-Titled-Tuesday-Blitz-October-03-2023"]
[Site "Chess.com"]
[Date "2023.10.03"]
[Round "10"]
[White "Journey_to_GrandMaster_YT"]
[Black "Kirill_Klukin"]
[Result "1-0"]
[WhiteElo "2600"]
[BlackElo "2694"]
[TimeControl "180+1"]
[EndTime "9:57:10 PDT"]
[Termination "Journey_to_GrandMaster_YT won on time"]

1. d4 Nf6 2. Nf3 e6 3. c4 Nc6 4. d5 Bb4+ 5. Bd2 exd5 6. Bxb4 Nxb4 7. a3 Nc6 8. cxd5 Ne7 9. d6 cxd6 10. Qxd6 O-O 11.
Nc3 Nf5 12. Qf4 d5 13. e3 Qb6 14. Na4 Qa5+ 15. Qb4 Qxb4+ 16. axb4 Be6 17. Nc5 b6 18. Nb3 Rfc8 19. Bd3 Nd6 20. Nbd4 Kf8 21. b5 Nc4 22. Ra2 Nxb2 23. Ke2 Nxd3 24. Kxd3 Ne4 25. Ne5 Rc3+ 26. Ke2 Rc7 27. Kd3 Rac8 28. Nec6 Ra8 29. Rha1 a5 30.
bxa6 Bd7 31. Nb4 Nc5+ 32. Ke2 Be6 33. Nb5 Rd7 34. a7 Ke7 35. Nc6+ Ke8 36. Nb8 Rd8 37.
Nc7+ Ke7 38. Nxa8 d4 39. Nxb6 d3+ 40. Ke1 1-0

[Event "Early-Titled-Tuesday-Blitz-October-03-2023"]
[Site "Chess.com"]
[Date "2023.10.03"]
[Round "10"]
[White "Frolyanov_D"]
[Black "Triumphmate"]
[Result "0-1"]
[WhiteElo "2660"]
[BlackElo "2511"]
[TimeControl "180+1"]
[EndTime "9:57:10 PDT"]
[Termination "Triumphmate won on time"]

1. d4 d5 2. c4 e6 3. Nf3 Nf6 4.
g3 Be7 5. Bg2 O-O 6. O-O dxc4 7.
Qc2 c5 8. dxc5 Nc6 9. Qxc4 e5 10. Bg5 Be6 11. Qc1 Rc8 12. Nc3 Bxc5 13. Bxf6 gxf6 14. Qh6 Kh8 15. Nh4 Rg8 16. Rad1 Bf8 17. Qh5 Qe7 18. Be4 Rg7 19. Nf5 Bxf5 20. Qxf5 Qe6 21. e3 Ne7 22.
Qf3 b6 23. Nd5 f5 24. Nf4 exf4 25. Bb7 Rb8 26. exf4 Ng6 27. Rfe1 Qxa2 28. Rd7 Qxb2 29. Bd5 Qf6 30. Rxa7 h6 31. Rc1 Bc5 32. Rc7 Qd6 33. Rc6 Qxf4 34. Qd1 Qxf2+ 35. Kh1 Rd8 36. Rc7 Nf4 0-1

[Event "Early-Titled-Tuesday-Blitz-October-03-2023"]
[Site "Chess.com"]
[Date "2023.10.03"]
[Round "10"]
[White "maurovargas01"]
[Black "Doudou2015"]
[Result "0-1"]
[WhiteElo "1890"]
[BlackElo "2165"]
[TimeControl "180+1"]
[EndTime "9:57:10 PDT"]
[Termination "Doudou2015 won on time"]

1. e4 c5 2. Nc3 Nc6 3. f4 e6 4. Nf3 Nge7 5. g4 d5 6. e5 d4 7.
Ne4 Nd5 8. d3 b6 9. Bg2 Be7 10.
O-O h5 11. g5 h4 12. h3 Bb7 13. Qe1 Qc7 14. Bd2 O-O-O 15. a3 f6 16. gxf6 gxf6 17.
Kh1 fxe5 18. fxe5 Nxe5 19. Neg5 Nxf3 20. Qxe6+ Kb8 21. Bxf3 Bxg5 22. Bxg5 Rde8 23. Qg4 Ne3 24. Bf4 Nxg4 25. Bxc7+ Kxc7 26. hxg4 Re3 27. Bxb7 Kxb7 28. Rf7+ Kc6 29. Raf1 Rg3 30. a4 b5 31. R1f6+ Kd5 32.
Rf5+ Kc6 33. R7f6+ Kb7 34. axb5 Rxg4 35. Rc6 Re8 36.
Rf7+ Kb8 37. Rf1 Re2 38. Rxc5 Rgg2 0-1

[Event "Early-Titled-Tuesday-Blitz-October-03-2023"]
[Site "Chess.com"]
[Date "2023.10.03"]
[Round "10"]
[White "deribas12345"]
[Black "LangesNasenhaar"]
[Result "1-0"]
[WhiteElo "2592"]
[BlackElo "2454"]
[TimeControl "180+1"]
[EndTime "9:57:11 PDT"]
[Termination "deribas12345 won on time"]

1. d4 g6 2. c4 Bg7 3. e4 d6 4. Nc3 e5 5. d5 f5 6. exf5 gxf5 7. Nf3 Nf6 8. Ng5 h6 9. Ne6 Bxe6 10. dxe6 c6 11.
Bd3 e4 12. Be2 O-O 13. O-O Qe7 14. Bf4 Rd8 15. f3 Qxe6 16. fxe4 fxe4 17. Qc1 Kh7 18.
Qc2 d5 19. Rae1 Na6 20. Bg3 Kh8 21. Bh4 Nc5 22. cxd5 cxd5 23. Kh1 d4 24. Bxf6 Bxf6 25. Nb5 b6 26. Nc7 Qd7 27. Nxa8 d3 28. Qd2 Bg5 29. Qc3+ Qd4 30. Rf8+ Kh7 31. Rxd8 Qxd8 32. Bxd3 Nxd3 33. Rf1 Qxa8 34. Rf7+ Kg6 35. Qg7+ Kh5 36. h3 e3 37. Rf5 Nf2+ 38. Kg1 Qe4 39. Qh7 Kh4 40. g3+ 1-0

[Event "Early-Titled-Tuesday-Blitz-October-03-2023"]
[Site "Chess.com"]
[Date "2023.10.03"]
[Round "10"]
[White "Ducke13"]
[Black "Jojo_898"]
[Result "1-0"]
[WhiteElo "2496"]
[BlackElo "2369"]
[TimeControl "180+1"]
[EndTime "9:57:11 PDT"]
[Termination "Ducke13 won by resignation"]

1. d4 Nf6 2. g3 e6 3. c4 d5 4. Nf3 c6 5. Bg2 Ne4 6. O-O f5 7. Qc2 g5 8. Nc3 g4 9. Ne5 Nd7 10. f3 gxf3 11. exf3 Nef6 12. Bg5 Be7 13. Rae1 Qb6 14.
c5 Qc7 15. Kh1 Nxe5 16. Rxe5 Bd7 17. Bf4 Nh5 18. Rxf5 Nxf4 19. Rxf4 O-O-O 20. Rf7 Be8 21. Rxh7 Bh5 22. Re1 Qd7 23. b4 Rdg8 24. a4 Bg6 25. Rxh8 Bxc2 26. Rxg8+ Kc7 27. b5 Bf6 28. Bh3 Bf5 29. g4 Qf7 30. gxf5 Qxg8 31. fxe6 Be7 32. Bg4 Qg7 33. Re5 b6 34. cxb6+ axb6 35. bxc6 Kxc6 36. Nxd5 Bd6 37. e7 Bxe7 38. Nxe7+ Kc7 39. Nf5 Qg5 40. Kg2 Qd2+ 41. Kg3 Qc2 42. Re7+ Kc6 43. d5+ Kc5 44.
Rc7+ 1-0

[Event "Early-Titled-Tuesday-Blitz-October-03-2023"]
[Site "Chess.com"]
[Date "2023.10.03"]
[Round "10"]
[White "Grischuk"]
[Black "AlmasRakhmatullaev"]
[Result "1-0"]
[WhiteElo "3004"]
[BlackElo "2819"]
[TimeControl "180+1"]
[EndTime "9:57:12 PDT"]
[Termination "Grischuk won by resignation"]

1. d4 d5 2. Nf3 e6 3. g3 a6 4. Bg2 Nc6 5. O-O Nf6 6. c4 dxc4 7. e3 Rb8 8. a4 b5 9. axb5 axb5 10. b3 cxb3 11.
Nfd2 Nb4 12. Nxb3 Bb7 13. Bxb7 Rxb7 14. Ba3 Be7 15. Nc3 O-O 16. Qf3 Rb6 17. Rfb1 Nc2 18. Bxe7 Qxe7 19. Ra7 Na3 20. Rc1 Nc4 21. Nc5 h6 22. Nxb5 Rxb5 23. Rxc4 Rb1+ 24. Kg2 Nd5 25. Nd3 Qg5 26. h4 Qg6 27. Ne5 Qh7 28. Ra8 g5 29. Rxf8+ Kxf8 30. e4 Ne7 31. Rxc7 Re1 32. Nd7+ Kg7 33.
Nf6 Qg6 34. e5 Nd5 35. h5 g4 36. Qxd5 Qf5 37. Qb7 Qf3+ 38. Qxf3 gxf3+ 39. Kxf3 Rd1 40. Rd7 Rd3+ 41. Ke2 Rb3 42. Ne4 Rb2+ 43. Kf3 Rb7 44. Rxb7 1-0

[Event "Early-Titled-Tuesday-Blitz-October-03-2023"]
[Site "Chess.com"]
[Date "2023.10.03"]
[Round "10"]
[White "FMVolodymyrSakun"]
[Black "tylityli"]
[Result "1-0"]
[WhiteElo "2619"]
[BlackElo "2347"]
[TimeControl "180+1"]
[EndTime "9:57:13 PDT"]
[Termination "FMVolodymyrSakun won on time"]

1. e4 e5 2. d4 exd4 3. Nf3 Nc6 4. Bc4 Nf6 5. e5 d5 6. Bb5 Ne4 7. Nxd4 Bd7 8. Bxc6 bxc6 9. O-O Bc5 10. f3 Ng5 11.
Be3 Bb6 12. f4 Ne4 13. Nd2 Nxd2 14. Qxd2 c5 15. Nf3 d4 16. Bf2 O-O 17. Bh4 Qe8 18.
Kh1 h6 19. Rae1 Bf5 20. h3 Qc6 21. Kh2 Be4 22. Qe2 Bd5 23. f5 c4 24. f6 g6 25.
Bg3 Kh7 26. Bf4 Rh8 27. Qd2 Bxf3 28. Rxf3 Kg8 29. e6 Re8 30. exf7+ Kxf7 31. Bxh6 Rxe1 32. Qxe1 Re8 33. Qh4 Rh8 34. Qg5 Qc5 35. Qxc5 Bxc5 36. Bg7 Rd8 37. Rf1 d3 38. cxd3 cxd3 39. Rd1 d2 40.
Kg3 Bd6+ 41. Kf3 Be5 42. Ke2 Bxb2 43. Rxd2 Rxd2+ 44. Kxd2 1-0

[Event "Early-Titled-Tuesday-Blitz-October-03-2023"]
[Site "Chess.com"]
[Date "2023.10.03"]
[Round "10"]
[White "inegrepus"]
[Black "RianKapriaga"]
[Result "1-0"]
[WhiteElo "2181"]
[BlackElo "2306"]
[TimeControl "180+1"]
[EndTime "9:57:13 PDT"]
[Termination "inegrepus won on time"]

1. d4 Nf6 2. c4 e6 3. g3 d5 4. Bg2 Bb4+ 5. Bd2 a5 6. Nf3 O-O 7. O-O b6 8. Qc2 Ba6 9. Bxb4 axb4 10. cxd5 exd5 11. Re1 Nbd7 12. Nbd2 Re8 13. e4 dxe4 14. Nxe4 Nxe4 15. Rxe4 Rxe4 16. Qxe4 Nf6 17. Qc6 Rb8 18. Rc1 Ne8 19. Qa4 Bb7 20. Qxb4 Ra8 21. a3 h5 22. Qc4 Bd5 23. Qe2 Nf6 24. Qe5 c6 25. Nh4 Bxg2 26.
Kxg2 Qd7 27. Nf5 Re8 28. Qf4 Re4 29. Qf3 Qd5 30. Ne3 Qxd4 31. Rxc6 Re8 32. b3 h4 33. Nf5 h3+ 34. Kxh3 Qd7 35. Kg2 b5 36. a4 bxa4 37.
bxa4 Qb7 38. a5 Ra8 39. h4 Rxa5 40. g4 Ra4 41. g5 Rg4+ 42. Kh3 1-0

[Event "Early-Titled-Tuesday-Blitz-October-03-2023"]
[Site "Chess.com"]
[Date "2023.10.03"]
[Round "10"]
[White "Kildepiotr"]
[Black "grandemestregringo"]
[Result "1-0"]
[WhiteElo "2635"]
[BlackElo "2530"]
[TimeControl "180+1"]
[EndTime "9:57:14 PDT"]
[Termination "Kildepiotr won on time"]

1. Nf3 Nf6 2. g3 d5 3. Bg2 Bf5 4. O-O e6 5. c4 c6 6. cxd5 exd5 7.
d3 Be7 8. Qb3 Qb6 9. Qc2 O-O 10.
Nc3 Nbd7 11. e4 dxe4 12. dxe4 Bg6 13. Nh4 Ne5 14. Nxg6 hxg6 15. Be3 Qa6 16. h3 Rfd8 17.
Rfd1 Nc4 18. Bf4 Qb6 19. b3 Na3 20. Qe2 Qa5 21. Na4 b5 22. Nb2 Bb4 23. Nd3 Bc3 24.
Rac1 b4 25. e5 Nd5 26. e6 Re8 27. exf7+ Kxf7 28. Qg4 Re6 29. Bg5 Rae8 30. Nf4 Nxf4 31. Rd7+ Kg8 32. Bxf4 Qb5 33. Kh2 a5 34. Rcd1 a4 35.
R1d6 Qf5 36. Qxf5 gxf5 37. Bxc6 axb3 38. axb3 Rxd6 39. Bxd6 Re2 40. Bc5 Nc2 41. Bb5 Re1 42.
Bc4+ Kh8 43. Bd3 Na1 44. Bxf5 Re8 45. Bg6 Nxb3 46. Bxe8 Nxc5 47. Rc7 Ne4 48. Bg6 Nd6 49. Rd7 1-0

[Event "Early-Titled-Tuesday-Blitz-October-03-2023"]
[Site "Chess.com"]
[Date "2023.10.03"]
[Round "10"]
[White "remi04"]
[Black "Rutricks"]
[Result "1/2-1/2"]
[WhiteElo "2852"]
[BlackElo "2695"]
[TimeControl "180+1"]
[EndTime "9:57:17 PDT"]
[Termination "Game drawn by repetition"]

1. e4 g6 2. d4 Bg7 3. Nc3 c6 4. Nf3 d5 5. h3 dxe4 6. Nxe4 Nf6 7. Bd3 Nxe4 8. Bxe4 Nd7 9. O-O O-O 10. c3 e5 11. Be3 exd4 12. Nxd4 Re8 13. Bc2 Nf6 14. Bb3 Qc7 15. Qf3 a6 16. Bf4 Qb6 17. Rae1 Bd7 18. Nc2 a5 19. Be3 Qc7 20. Bd4 Bf5 21. Bxf6 Bxf6 22.
Ne3 a4 23. Bd1 Qe5 24. Nxf5 Qxf5 25. Qxf5 gxf5 26. Rxe8+ Rxe8 27. Bxa4 Re2 28. Rd1 Rxb2 29. Bb3 Bxc3 30. Rd8+ Kg7 31. Rd7 b5 32. Rxf7+ Kg6 33. Rb7 Bd4 34. Kh1 Bxf2 35. g4 Bg3 36. gxf5+ Kxf5 37. Rxh7 Kf4 38. Rf7+ Ke3 39. Rg7 Kf3 40. Rf7+ Bf4 41.
Bd1+ Kg3 42. Rg7+ Kxh3 43. Rh7+ Kg3 44. Rg7+ Kh3 45. Rh7+ Kg3 46. Rg7+ Kh3 1/2-1/2

[Event "Early-Titled-Tuesday-Blitz-October-03-2023"]
[Site "Chess.com"]
[Date "2023.10.03"]
[Round "10"]
[White "MightyGMpretender"]
[Black "GradualismUnleashed"]
[Result "1-0"]
[WhiteElo "2818"]
[BlackElo "2632"]
[TimeControl "180+1"]
[EndTime "9:57:17 PDT"]
[Termination "MightyGMpretender won by resignation"]

1. e4 c5 2. Nf3 e6 3. d4 cxd4 4. Nxd4 Nc6 5. Nc3 Qc7 6. a3 a6 7. Qd3 Nf6 8. Nxc6 bxc6 9. Qg3 Qxg3 10. hxg3 d5 11. Bd3 Be7 12. Bd2 h6 13. f3 a5 14. g4 O-O 15. g5 hxg5 16. Bxg5 d4 17. Ne2 e5 18. f4 exf4 19. e5 Nd5 20. Bh7+ Kh8 21. Bxe7 Nxe7 22. Nxd4 f6 23. e6 g5 24. Nxc6 Nxc6 25. Be4+ Kg7 26. Bxc6 Ra7 27. O-O-O Bxe6 28. Be4 f5 29. Bd3 Rd7 30. Rde1 Rd6 31. Rh5 Kg6 32. Reh1 g4 33. Rh6+ Kg7 34. Rh7+ Kf6 35. Rf1 Rc8 36. Kd2 Ke5 37. Rh6 Rc5 38. Re1+ Kd5 39. c4+ Rxc4 40. Rexe6 Rcc6 41. Rxd6+ Rxd6 42. Rxd6+ Kxd6 43. Kc3 Ke5 44. Kd2 a4 45. Bc2 f3 46. gxf3 g3 47. Ke2 Kf4 48.
Bxa4 Kg5 49. Kf1 Kf4 50. Kg2 Ke3 51. Kxg3 f4+ 52. Kg4 1-0

[Event "Early-Titled-Tuesday-Blitz-October-03-2023"]
[Site "Chess.com"]
[Date "2023.10.03"]
[Round "10"]
[White "Mr_ruthless"]
[Black "ajedrezhoy"]
[Result "1-0"]
[WhiteElo "2495"]
[BlackElo "2362"]
[TimeControl "180+1"]
[EndTime "9:57:17 PDT"]
[Termination "Mr_ruthless won by resignation"]

1. e4 Nf6 2. e5 Nd5 3. c4 Nb6 4. d4 d6 5. exd6 cxd6 6. b3 g6 7. Bb2 Bg7 8. Nd2 O-O 9. Ngf3 Nc6 10. Be2 Bg4 11. O-O d5 12. h3 Bf5 13. Ne5 Nxe5 14. dxe5 d4 15. f4 d3 16. Bg4 Bxg4 17. hxg4 Qc7 18.
Qf3 Rad8 19. Rae1 Nd7 20. Kf2 g5 21. Rh1 gxf4 22. Qe4 h6 23. g5 Nc5 24. Qxf4 hxg5 25.
Qh2 Rfe8 26. Re3 g4 27. Qh5 Qa5 28. Bc1 Rd4 29. e6 Rf4+ 30. Kg3 Qc7 31. exf7+ Rxf7+ 32. Kxg4 Qf4+ 33. Kh3 Qxe3+ 34. Nf3 Qe6+ 35. Kg3 Ne4+ 36. Kh2 d2 37. Bxd2 Nxd2 38. Ng5 Qe5+ 39. Kg1 Qd4+ 40. Kh2 Be5+ 41. Kh3 Qd3+ 42. Kg4 Qf5+ 43. Kh4 Bf6 44. Qxf7+ Kh8 45. Kg3+ 1-0

[Event "Early-Titled-Tuesday-Blitz-October-03-2023"]
[Site "Chess.com"]
[Date "2023.10.03"]
[Round "10"]
[White "C_K_G"]
[Black "Nekoo04"]
[Result "1-0"]
[WhiteElo "1916"]
[BlackElo "2288"]
[TimeControl "180+1"]
[EndTime "9:57:17 PDT"]
[Termination "C_K_G won by resignation"]

1. e4 c5 2. Nf3 d6 3. d4 cxd4 4.
Nxd4 Nf6 5. Nc3 g6 6. f4 Nc6 7. Bb5 Bd7 8. O-O Nxd4 9. Qxd4 Bxb5 10. Nxb5 Bg7 11. e5 dxe5 12. Qxd8+ Rxd8 13. fxe5 Nd5 14. Nxa7 Bxe5 15. Nb5 O-O 16. c3 f5 17. Bg5 Bf6 18. Bxf6 Nxf6 19. Rad1 e5 20. a4 e4 21. Nd4 Rfe8 22.
h3 e3 23. Rde1 Re4 24. Re2 Nd5 25. g3 Rde8 26. Kg2 f4 27. Rf3 g5 28. a5 h5 29.
gxf4 Nxf4+ 30. Kf1 Nxe2 31. Kxe2 g4 32. hxg4 hxg4 33.
Rg3 Kf7 34. Nf5 Kf6 35. Nd6 Kg5 36. Nxe8 Rxe8 37. Rxe3 Rxe3+ 38. Kxe3 Kh4 39. Kf2 Kh3 40. Kg1 Kg3 41. b4 Kf4 42. b5 Ke5 43. a6 bxa6 44. bxa6 Kd6 45. a7 1-0

[Event "Early-Titled-Tuesday-Blitz-October-03-2023"]
[Site "Chess.com"]
[Date "2023.10.03"]
[Round "10"]
[White "SharapovEvgeny"]
[Black "hurricane7791"]
[Result "1-0"]
[WhiteElo "2605"]
[BlackElo "2689"]
[TimeControl "180+1"]
[EndTime "9:57:18 PDT"]
[Termination "SharapovEvgeny won by resignation"]

1. e4 c5 2. Nf3 d6 3. d4 cxd4 4. Nxd4 Nf6 5. Nc3 a6 6. g3 e5 7. Nb3 b5 8. Bg5 Nbd7 9. a4 b4 10. Nd5 Bb7 11. a5 Rc8 12. Bg2 Be7 13. Bxf6 Nxf6 14.
Nxf6+ Bxf6 15. O-O O-O 16. Qd2 Rc4 17. Rfd1 Be7 18.
Ra4 Qc7 19. Rc1 d5 20. exd5 Rd8 21. c3 h6 22. h4 e4 23. cxb4 Rxd5 24. Rxc4 Qxc4 25.
Qc3 Rd1+ 26. Kh2 Qe2 27. Qe3 Qxe3 28. fxe3 Bd5 29. Nc5 Rd2 30. Ra1 Rxb2 31. Nxa6 g5 32. hxg5 Bxg5 33. Nc7 Bc4 34. a6 Bxe3 35. a7 Bxa7 36.
Rxa7 Bf1 37. b5 Rxg2+ 38. Kh1 e3 39. Nd5 e2 40. Re7 Rxg3 41. b6 Rb3 42. Kg1 Kf8 43.
Re5 Rb5 44. Kf2 f6 45. Nxf6 Rxb6 46. Nd7+ Kf7 47. Nxb6 Kf6 48. Re3 1-0